 Dungeon Crawl Stone Soup version 0.18-a0-867-gfd1cc8f (webtiles) character file.

28 M4edhros the Charlatan (level 3, 0/23 HPs)
             Began as an Octopode Artificer on Dec 21, 2015.
             Succumbed to an adder's poison
             ... on level 2 of the Dungeon.
             The game lasted 00:00:44 (607 turns).

M4edhros the Charlatan (Octopode Artificer)          Turns: 607, Time: 00:00:45

Health: 0/23       AC:  1    Str: 10    XL:     3   Next: 12%
Magic:  5/5        EV: 12    Int: 15    God:
Gold:   59         SH:  0    Dex: 12    Spells: 0 memorised, 2 levels left

rFire  + . .     SeeInvis .     k - +0 rapier
rCold  x . .     Gourm    .     (no shield)
rNeg   . . .     Faith    .     (helmet restricted)
rPois  .         Spirit   .     (no amulet)
rElec  .         Dismiss  .     e - ring of fire
rCorr  .         Reflect  .     (no ring)
SustAt .         Harm     .     (no ring)
MR     .....                    (no ring)
Stlth  +++.......               (no ring)
                                (no ring)
                                (no ring)
                                (no ring)

@: lethally poisoned (0 -> -5), flying, not resistant to hostile enchantments,
fairly stealthy
A: almost no armour, amphibious, 8 rings, constrict 8, camouflage 1, gelatinous
body 1
a: no special abilities


You were on level 2 of the Dungeon.
You were not hungry.

You visited 1 branch of the dungeon, and saw 2 of its levels.

You collected 59 gold pieces.

Inventory:

Hand Weapons
 k - a +0 rapier (weapon)
Missiles
 g - 26 stones (quivered)
Jewellery
 e - a ring of fire (left tentacle)
Wands
 b - a wand of flame (14/48)
 c - a wand of enslavement (15/24)
 d - a wand of random effects (15/48)
Scrolls
 j - a scroll of identify {unknown}
Comestibles
 f - 2 bread rations
 i - a beef jerky


   Skills:
 - Level 1.0 Fighting
 - Level 1.0 Short Blades
 * Level 2.7 Dodging
 * Level 2.6 Stealth
 + Level 3.6 Evocations


You had 2 spell levels left.
You didn't know any spells.

Dungeon Overview and Level Annotations

Branches:
Dungeon (2/15)

Altars:


Innate Abilities, Weirdness & Mutations

You cannot wear most types of armour.
You are amphibious.
You can wear up to eight rings at the same time.
You can use your tentacles to constrict eight enemies at once.
Your skin changes colour to match your surroundings (Stealth).
Your rubbery body absorbs attacks (AC +1).


Message History

Your experience leads to an increase in your attributes!
Increase (S)trength, (I)ntelligence, or (D)exterity?
You feel clever.
This wand has 14 charges left.
You feel sick. The giant newt bites you.
* * * LOW HITPOINT WARNING * * *
You hit the giant newt but do no damage.
Your grab misses the giant newt. The giant newt bites you.
* * * LOW HITPOINT WARNING * * *
You barely miss the giant newt. You grab the giant newt.
You squeeze the giant newt.
You kill the giant newt!
* * * LOW HITPOINT WARNING * * *
You feel sick.
Drink which item? (? for menu, Esc to quit)
It was a potion of flight.
You feel very buoyant.
You fly up into the air.
There is a lethal amount of poison in your body!
Unknown command.
You die...

#.. #..#.# #.# #....
#..#.####.###
###....#####..#.#.......
......+................
#....######...........
#....#######..........
+.............#'#####.
#.............#.# #.
#####@#######.#+### #.
#.# #.....# #.
#.....†....# #.....# #.
#..........# #.....# #.
#..........# #.#.### #^
##.....!...# #.#.######
.....##.#### #.#.......
###.. #.# #.######## #..
#.# #.........


There were no monsters in sight!

Vanquished Creatures
  An adder (D:2)
  A worm (D:2)
  2 giant cockroaches
  4 hobgoblins
  A kobold (D:1)
  2 bats (D:2)
  A giant gecko (D:1)
  A giant newt (D:2)
  A goblin (D:2)
  3 rats (D:1)
17 creatures vanquished.

Notes
Turn   | Place    | Note
--------------------------------------------------------------
     0 | D:1      | M4edhros the Octopode Artificer began the quest for the Orb.
     0 | D:1      | Reached XP level 1. HP: 13/13 MP: 3/3
   287 | D:1      | Reached XP level 2. HP: 15/18 MP: 4/4
   603 | D:2      | Reached XP level 3. HP: 8/23 MP: 5/5
   605 | D:2      | HP: 1/23 [poisoned by an adder]
   607 | D:2      | Succumbed to an adder's poison

Vault maps used:
D:1:      saegor_arrival_simple_f, minmay_misc_feat_cross, nrook_mini_backslash
D:2:      grunt_dithmenos_smoke_and_mirrors, uniq_robin,
          uniq_crazy_yiuf_cottage, uniq_terence

Action                   || total
-------------------------++-------
Melee: Short sword       ||    17
       Rapier            ||    13
Evoke: Wand              ||     1
  Use: Potion            ||     1
 Stab: Sleeping          ||     7
